 Dungeon Crawl Stone Soup version 0.31-a0-233-g139696dc86 (webtiles) character file.

Game seed: 11815977410661522153

289 Nattfarinn the Trooper (level 6, 0/57 HPs)
             Began as a Hill Orc Reaver on July 9, 2023.
             Was an Initiate of Ashenzari.
             Killed from afar by Blork the orc (10 damage)
             ... with a puff of flame
             ... on level 5 of the Dungeon.
             The game lasted 00:09:43 (3635 turns).

Nattfarinn the Trooper (Hill Orc Reaver)            Turns: 3635, Time: 00:09:44

Health: 0/57       AC:  8    Str: 17    XL:     6   Next: 31%
Magic:  7/8        EV: 10    Int: 13    God:    Ashenzari [......]
Gold:   249        SH:  5    Dex:  9    Spells: 5/8 levels left

rFire   . . .        a - +0 hand axe
rCold   + . .        (no shield)
rNeg    . . .        e - +2 ring mail {rC+}
rPois   .            t - +0 helmet
rElec   .            (no cloak)
rCorr   .            (no gloves)
SInv    .            (no boots)
Will    +....        i - amulet of reflection Stlth
                     (no ring)
HPRegen 0.29/turn    (no ring)
MPRegen 0.11/turn

%: reflection
@: about to teleport, attractive, enlightened, flying
A: no striking features
a: Renounce Religion


You were on level 5 of the Dungeon.
You worshipped Ashenzari.
Ashenzari was noncommittal.
You visited 1 branch of the dungeon, and saw 5 of its levels.

You collected 249 gold pieces.

Inventory:

Hand Weapons
 a - a +0 hand axe (weapon)
 j - a +2 dagger of speed
Armour
 b - a +0 leather armour
 e - a +2 ring mail of cold resistance (worn)
 t - a +0 helmet (worn)
Jewellery
 i - an amulet of reflection (around neck)
Wands
 v - a wand of flame (17)
Scrolls
 c - 3 scrolls of identify
 d - a scroll of vulnerability {unknown}
 f - a scroll of blinking {unknown}
 k - a scroll of amnesia {unknown}
 l - 2 scrolls of poison
 n - a scroll of noise {unknown}
 p - 8 scrolls of teleportation
 w - a scroll of butterflies {unknown}
Potions
 g - a potion of attraction
 h - 2 potions of curing
 m - a potion of degeneration {unknown}
 o - a potion of might {unknown}
 q - a potion of lignification {unknown}
 r - a potion of enlightenment
 s - a potion of berserk rage {unknown}
 u - a potion of magic {unknown}


   Skills:
 + Level 6.1 Fighting
 - Level 4.0 Axes
 - Level 1.5 Dodging
 - Level 1.5 Spellcasting
 - Level 3.0 Conjurations
 - Level 3.0 Translocations


You had 5 spell levels left.
You knew the following spells:

 Your Spells              Type           Power      Damage    Failure   Level
a - Kiss of Death         Conj/Necr      16%        2d6       26%         1
b - Momentum Strike       Conj/Tloc      16%        3d8       22%         2

Your spell library contained the following spells:

 Spells                   Type           Power      Damage    Failure   Level
 Hailstorm                Conj/Ice       4%         3d4       63%         3


Dungeon Overview and Level Annotations

Branches:
Dungeon (5/15)             Temple (0/1) D:4

Altars:
Ashenzari
Makhleb
Sif Muna

Shops:
D:4 **

Annotations:
D:5 Blork the orc


Message History

Blork the orc hits you from afar with a +1 halberd of freezing!
Blork the orc freezes you.
You cannot move.
It was a potion of attraction.
You feel attractive to monsters.
You are no longer robbed of momentum.
Blork the orc hits you from afar with a +1 halberd of freezing!
Blork the orc freezes you. Blork the orc is attracted toward you.
The crimson imp is attracted toward you.
You hit Blork the orc.
Blork the orc is heavily wounded.
Blork the orc closely misses you.
Blork the orc zaps a wand.
The puff of flame hits you!
* * * LOW HITPOINT WARNING * * *
The air fills with toxic fumes!
As you read the scroll labelled ZUMMIX NUIJA, it crumbles to dust.
It was a scroll of poison.
Blork the orc barely misses you.
The crimson imp hits you but does no damage.
As you read the scroll labelled NANAIK JASERYH, it crumbles to dust.
It is a scroll of identify.
p - 9 scrolls of teleportation Blork the orc closely misses you.
The crimson imp hits you but does no damage.
Blork the orc barely misses you.
As you read the scroll of teleportation, it crumbles to dust.
You feel strangely unstable.
Blork the orc zaps a wand.
The puff of flame hits you.
* * * LOW HITPOINT WARNING * * *
The crimson imp hits you but does no damage.
Okay, then.
It was a potion of curing.
You feel better.
Blork the orc screams, "I'm much stronger than you!"
Blork the orc zaps a wand.
The puff of flame hits you!
* * * LOW HITPOINT WARNING * * *
Blork the orc zaps a wand.
The puff of flame hits you.
* * * LOW HITPOINT WARNING * * *
The crimson imp barely misses you.
It was a potion of enlightenment.
You feel very buoyant.
You fly up into the air.
Blork the orc zaps a wand.
The puff of flame hits you!
You die...

#§ #§§ ##§§#
.... #§§ §§
#§§§..# ....
#§§##§##§§#..##
..."
#§§§#§#§§§#.§§#
..
#§§§§§§§§§+§§ .
#§§§§§§.§§§#
#§§§§§5o§§§#
#@§§§# ##§§##
..... #§§§###
###......
##§§§§#
#.........#
#§##§#
#...).....#
#§§..#
#.........#
#.§###
##.........#
#.§§#
...........#
#...#


You could see Blork the orc (fast) and a crimson imp.

Vanquished Creatures
  An ogre (D:4)
  A hound (D:4)
  A sleepcap (D:5)
  Robin (D:2)
  2 adders
  2 worms (D:2)
  4 dart slugs
  9 ball pythons
  4 bats
  10 endoplasms
  2 giant cockroaches
  13 goblins
  9 hobgoblins
  17 jackals
  A kobold (D:1)
  6 quokkas
  4 frilled lizards
  5 rats
92 creatures vanquished.

Notes
Turn   | Place    | Note
-------+----------+-------------------------------------------
     0 | D:1      | Nattfarinn the Hill Orc Reaver began the quest for the Orb.
     0 | D:1      | Reached XP level 1. HP: 18/18 MP: 3/3
   132 | D:1      | Reached skill level 1 in Translocations
   144 | D:1      | Reached XP level 2. HP: 20/25 MP: 4/4
   405 | D:1      | Learned a level 2 spell: Momentum Strike
   580 | D:1      | Reached XP level 3. HP: 28/30 MP: 2/5
  1240 | D:2      | Noticed Robin
  1257 | D:2      | Killed Robin
  1265 | D:2      | Reached XP level 4. HP: 22/35 MP: 3/6
  1353 | D:2      | Found a faded altar of an unknown god.
  1388 | D:2      | Reached skill level 3 in Fighting
  2143 | D:3      | Found a burning altar of Makhleb.
  2244 | D:3      | Reached XP level 5. HP: 45/46 MP: 7/7
  2260 | D:3      | Identified the +0 robe of the Planets {Dex+4}
  2488 | D:3      | Reached skill level 4 in Fighting
  2849 | D:4      | Found Decuih's Elemental Accessories.
  2949 | D:4      | Found Furiger's Assorted Antiques.
  2979 | D:4      | Found a shimmering blue altar of Sif Muna.
  3022 | D:4      | Noticed an ogre
  3029 | D:4      | Killed an ogre
  3030 | D:4      | Reached skill level 5 in Fighting
  3030 | D:4      | Reached XP level 6. HP: 29/57 MP: 5/8
  3179 | D:4      | Found a broken altar of Ashenzari.
  3360 | D:4      | Became a worshipper of Ashenzari the Shackled
  3384 | D:4      | Found a staircase to the Ecumenical Temple.
  3485 | D:5      | Entered Level 5 of the Dungeon
  3500 | D:5      | Reached skill level 6 in Fighting
  3620 | D:5      | Noticed Blork the orc
  3635 | D:5      | Killed from afar by Blork the orc

Illustrated notes

Levels and vault maps discovered:
D:1:      minmay_arrival_split_and_join, layout_loops_ring,
          palyth_stone_intersect
D:2:      layout_loops_ring, shapermc_ecumenical_altar_totnotflames, uniq_robin
D:3:      layout_loops_ring, mainiacjoe_overflow_brackets, kennysheep_nub
D:4:      layout_cave_pools, evilmike_ruin_ashenzari, lemuel_crystal_altar,
          minmay_temple_entry_drinking_statues, serial_shops,
          nicolae_shop_rolling_square, nicolae_elemental_shop,
          nicolae_kite_square_tiling_tiny
D:5:      layout_basic, minmay_fire_ice_demons, uniq_blork_the_orc

Skill      XL: |  1  2  3  4  5  6 |
---------------+-------------------+-----
Translocations | 1 2 3 |  3.0
Fighting       | 3 5 6 |  6.1
Axes           | |  4.0
Dodging        | |  1.5
Spellcasting   | |  1.5
Conjurations   | |  3.0

Action                     |  1- 3 |  4- 6 || total
---------------------------+-------+-------++-------
  Melee: Hand axe          |   108 |   168 ||   276
         Punch             |     2 |     1 ||     3
   Cast: Momentum Strike   |     4 |     7 ||    11
         Kiss of Death     |     1 |       ||     1
  Evoke: Wand              |       |     3 ||     3
    Use: Scroll            |       |     3 ||     3
         Potion            |       |     3 ||     3
 Armour: Leather armour    |    14 |       ||    14
         Ring mail         |    24 |    80 ||   104
  Dodge: Dodged            |    55 |    95 ||   150
  Block: Other             |       |    38 ||    38

Table legend: (Time is in decaauts)
 A = Elapsed time spent in this place.
 B = Non-inter-level travel time spent in this place.
 C = Inter-level travel time spent in this place.
 D = Time resting spent in this place.
 E = Time spent auto-exploring this place.
 F = Levels seen in this place.
 G = Mean time per level.
                   A        B        C        D        E       F      G
               +--------+--------+--------+--------+--------+-----+--------+
         Total |   3661 |   3480 |    181 |      0 |   2878 |   5 |  732.2 |
       Dungeon |   3661 |   3480 |    181 |      0 |   2878 |   5 |  732.2 |
               +--------+--------+--------+--------+--------+-----+--------+

Top non-repeatable levels by time:
     D:1: 1225 daAuts
     D:2: 930 daAuts
     D:4: 732 daAuts
     D:3: 622 daAuts
     D:5: 151 daAuts
